 Dungeon Crawl Stone Soup version 0.18-a0-721-g8fc53f4 (webtiles) character file.

758080 Proton the Executioner (level 27, -11/162 (163) HPs)
             Began as a Formicid Fighter on Dec 9, 2015.
             Was a High Priest of Cheibriados.
             Killed from afar by a Brimstone Fiend (30 damage)
             ... with a blast of hellfire
             ... in Pandemonium.
             The game lasted 04:08:19 (67106 turns).

Proton the Executioner (Formicid Fighter)          Turns: 67106, Time: 04:08:19

HP:   -11/162 (163) AC: 52    Str: 48    XL:     27
MP:   42/45         EV: 30    Int: 30    God:    Cheibriados [*****.]
Gold: 6908          SH: 38    Dex: 32    Spells: 3 memorised, 35 levels left

rFire  + + +     SeeInvis +     G - +9 executioner's axe (holy)
rCold  + + +     Clarity  +     Y - +8 orange crystal plate armour {Archmagi, Int+3 Clar SustAt}
rNeg   . . .     SustAt   +     i - +4 large shield {reflect}
rPois  .         Gourm    .     (helmet unavailable)
rElec  +         Spirit   .     M - +2 cloak of the Rose {rElec rF+ Str-4}
rCorr  .         Dismiss  .     Z - +2 pair of gloves {Str+3}
rMut   .         Stasis   +     E - +2 pair of boots
MR     ++...                    m - amulet "Jalov" {*Confuse +Rage rF+ rC+ Dex+9}
Stlth  ..........               U - ring "Namawn" {rC+ MP+9 Str+2 Int+4 Dex+2}
                                X - ring "Iroic" {+Inv +Fly rF+ rC++ SInv}

@: regenerating, very slow, very resistant to hostile enchantments, extremely
unstealthy
A: permanent stasis, dig shafts and tunnels, four strong arms, antennae 3, fangs
1, large bone plates 1, slimy green scales 1, clumsy 1, cold resistance 1, frail
3, low mp 1, regeneration 1, strong 1, no device heal 1, sturdy frame 1
a: Dig, Shaft Self, Bend Time, Temporal Distortion, Slouch, Step From Time,
Renounce Religion, Evoke Invisibility, Evoke Flight
}: 5/15 runes: decaying, serpentine, slimy, silver, abyssal


You were in Pandemonium.
You worshipped Cheibriados.
Cheibriados was extremely pleased with you.
You were very full.

You visited 11 branches of the dungeon, and saw 58 of its levels.
You visited Pandemonium 1 time, and saw 15 of its levels.
You visited the Abyss 2 times.
You visited 1 ziggurat, and saw 16 of its levels.
You also visited: Ice Cave and Wizlab.

You collected 10763 gold pieces.
You spent 3855 gold pieces at shops.

Inventory:

Hand Weapons
 s - the +14 obsidian axe {chop, +Fly Str+3 SInv *Curse}
   (You took it off an ogre mage on level 1 of the Depths)

   It inflicts extra damage upon your enemies.
   It affects your strength (+3).
   It lets you see invisible.
   It lets you fly.
   It may re-curse itself when equipped.
 G - a +9 executioner's axe of holy wrath (weapon)
Armour
 i - a +4 large shield of reflection (worn)
 E - a +2 pair of boots (worn)
 L - a +8 gold dragon armour
 M - the +2 cloak of the Rose (worn) {rElec rF+ Str-4}
   (You found it in a wizard's laboratory)

   It affects your strength (-4).
   It protects you from fire.
   It insulates you from electricity.
 Y - the +8 orange crystal plate armour (worn) {Archmagi, Int+3 Clar SustAt}
   (You found it on level 3 of the Elven Halls)

   It affects your intelligence (+3).
   It sustains your strength, intelligence and dexterity.
   It protects you against confusion.
 Z - a +2 pair of gloves of strength (worn)
Jewellery
 b - the amulet "Raj Kele" {Gourm Fragile rN++}
   (You found it on level 6 of the Pits of Slime)

   [amulet of the gourmand]

   It allows you to eat raw meat even when not hungry.
   It greatly protects you from negative energy.
   It will be destroyed if unequipped.
 k - an uncursed amulet of guardian spirit
 m - the amulet "Jalov" (around neck) {*Confuse +Rage rF+ rC+ Dex+9}
   (You found it on level 15 of a ziggurat)

   [amulet of rage]

   It affects your dexterity (+9).
   It protects you from fire.
   It protects you from cold.
   It lets you go berserk.
   It may confuse you when you take damage.
 w - an uncursed amulet of resist corrosion
 D - the ring of Rempucs {rF+ rC+ Dex+3 Stlth+}
   (You found it on level 6 of a ziggurat)

   [ring of protection from cold]

   It affects your dexterity (+3).
   It protects you from fire.
   It protects you from cold.
   It makes you more stealthy.
 U - the ring "Namawn" (right hand) {rC+ MP+9 Str+2 Int+4 Dex+2}
   (You found it on level 6 of the Pits of Slime)

   [ring of protection from cold]

   It affects your strength (+2).
   It affects your intelligence (+4).
   It affects your dexterity (+2).
   It protects you from cold.
   It affects your magic capacity (+9).
 X - the ring "Iroic" (left hand) {+Inv +Fly rF+ rC++ SInv}
   (You found it on level 16 of a ziggurat)

   [ring of protection from fire]

   It protects you from fire.
   It greatly protects you from cold.
   It lets you see invisible.
   It lets you turn invisible.
   It lets you fly.
Wands
 l - a wand of heal wounds (5)
 C - a wand of disintegration (21)
 K - a wand of lightning (11)
Scrolls
 c - 2 scrolls of holy word
 e - 11 scrolls of recharging
 g - 2 scrolls of summoning
 h - 10 scrolls of enchant weapon
 j - 11 scrolls of fear
 q - 2 scrolls of silence
 v - 10 scrolls of fog
 y - 3 scrolls of brand weapon
 z - 10 scrolls of amnesia
 B - 19 scrolls of identify
 J - 18 scrolls of remove curse
 N - 19 scrolls of magic mapping
 S - a scroll of enchant armour
 T - 11 scrolls of immolation
Potions
 a - 2 potions of resistance
 d - 14 potions of might
 f - 9 potions of agility
 n - 13 potions of brilliance
 o - 5 potions of magic
 p - 24 potions of curing
 u - 3 potions of invisibility
 A - 4 potions of heal wounds
 F - 5 potions of lignification
 I - 2 potions of cure mutation
 O - 2 potions of mutation
 Q - 8 potions of cancellation
 R - 6 potions of flight
Miscellaneous
 V - 6 phantom mirrors
Comestibles
 r - 21 fruits
 t - 35 bread rations
 x - 10 meat rations
 P - 17 royal jellies


   Skills:
 + Level 22.7 Fighting
 * Level 26.3 Axes
 + Level 22.4 Armour
 + Level 19.3 Dodging
 + Level 24.6 Shields
 + Level 13.6 Spellcasting
 + Level 11.4 Air Magic
 - Level 14.7 Invocations


You had 35 spell levels left.
You knew the following spells:

 Your Spells              Type           Power        Failure   Level  Hunger
a - Tornado               Air            #######...   100%        9    #######
b - Regeneration          Chrm/Necr      ####......   24%         3    None
c - Deflect Missiles      Chrm/Air       ######....   91%         6    ####...


Dungeon Overview and Level Annotations

Branches:
Dungeon (15/15)            Temple (1/1) D:4            Lair (8/8) D:10
  Swamp (4/4) Lair:4        Snake (4/4) Lair:6        Slime (6/6) Lair:7
    Orc (4/4) D:9             Elf (3/3) Orc:4        Vaults (5/5) D:13
  Crypt (3/3) Vaults:2       Tomb (0/3) Crypt:3      Depths (5/5) D:15
    Zot (0/5) Depths:5

Altars:
Ashenzari
Cheibriados
Dithmenos
Elyvilon
Fedhas
Gozag
Kikubaaqudgha
Makhleb
Nemelex Xobeh
Okawaru
Pakellas
Qazlal
Ru
Sif Muna
Trog
Vehumet
Xom
Yredelemnul
Zin
The Shining One
Beogh
Jiyva

Shops:
D:7 :   Orc:1 [   Orc:4 :[}!   Elf:2 [   Snake:2 *   Vaults:1 :   Vaults:3 ==(}
Vaults:4 ?   Depths:1 *:*}   Depths:4 !

Portals:
Hell: Depths:1 Depths:2 Depths:3 Depths:4 Depths:5
Abyss: Depths:1 Depths:4 Depths:5*
Pandemonium: Depths:3

Annotations:
D:5 Prince Ribbit
D:15 exclusion: obsidian statue


Innate Abilities, Weirdness & Mutations

You are under a permanent stasis effect.
You can dig through walls and to a lower floor.
Your four strong arms can wield two-handed weapons with a shield.
You have a pair of large antennae on your head (SInv).
You have very sharp teeth.
You are partially covered in large bone plates (AC +2, SH +2).
You are partially covered in slimy green scales (AC +2).
You are clumsy. (Dex -2)
Your flesh is cold resistant.
You are extremely frail (-30% HP).
Your magical capacity is low (-10% MP).
Your natural rate of healing is unusually fast.
Your muscles are strong. (Str +2)
Potions and wands are less effective at restoring your health.
Your movements are slightly less encumbered by armour (ER -2).


Message History

Strange energies course through your body.
You feel less energetic. The neqoxec gestures at you.
Something tries to feed on your intellect!
The Brimstone Fiend gestures at you.
The hellfire explodes!
The blast of hellfire engulfs the neqoxec.
The neqoxec dies!
The blast of hellfire engulfs you! The Brimstone Fiend gestures at you.
The hellfire explodes!
The blast of hellfire engulfs you! The Brimstone Fiend gestures at you.
The hellfire explodes!
The blast of hellfire engulfs you!
* * * LOW HITPOINT WARNING * * *
Casting: Regeneration
Confirm with . or Enter, or press ? or * to list all spells.
You feel a surge of power!
Your skin crawls.
The Brimstone Fiend gestures at you.
The hellfire explodes!
The blast of hellfire engulfs you!
You die...

###### ########## .....#
#......... .....#
#......... .....#
#.........
.....##########.........
........................
.....###.######.@.......
.....# #.# #.........
.....# #.# #.........
.....# #.# #....1....
.##### #.# .......... .#
#.# #.......... . #.#
#.......... ...
...........


You could see a Brimstone Fiend.

Vanquished Creatures
  the Royal Jelly (Slime:6)
  4 ancient liches
  Mennas (Vaults:4)
  A juggernaut (Depths:5)
  2 iron giants (Zig:12)
  The ghost of Arkorax the Warrior, a veteran NaFi of Cheibriados (Depths:5)
  Frederick (Vaults:3)
  9 pandemonium lords
  Saint Roka (Orc:4)
  A caustic shrike (Depths:4)
  2 golden dragons
  Jory (Vaults:5)
  3 bone dragons (Abyss:4)
  10 liches
  4 Brimstone Fiends
  Jorgrun (Snake:3)
  3 Hell Sentinels
  5 tentacled monstrosities
  2 Ice Fiends
  20 acid blobs
  8 titans
  Asterion (Vaults:1)
  20 Executioners
  2 deep elf blademasters (Elf:3)
  4 Shadow Fiends (Pan)
  An eldritch tentacle (Depths:4)
  A quicksilver dragon (Vaults:5)
  6 sphinxes
  12 tentacled starspawn
  7 thorn hunters
  4 shadow dragons
  7 storm dragons
  3 tengu reavers
  2 revenants (Crypt:2)
  6 blood saints
  Roxanne (Swamp:1)
  A draconian monk (Zig:7)
  9 greater nagas (Snake:4)
  9 azure jellies
  Wiglaf (Depths:3)
  9 deep elf sorcerers
  4 fire giants
  A draconian knight (Depths:5)
  8 vault wardens
  9 frost giants
  2 angels (Pan)
  5 orc warlords
  2 draconian zealots
  43 large abominations
  2 draconian scorchers
  2 juggernaut zombies
  6 cacodemons (Pan)
  2 curse skulls
  A spriggan defender (Depths:3)
  Aizul (Snake:3)
  8 warmongers (Pan)
  15 reapers
  2 ghouls (Crypt:3)
  5 vampire knights
  15 ironheart preservers
  7 very ugly things
  11 balrugs
  14 stone giants
  2 draconian callers
  2 salamander stormcallers
  A green draconian (Abyss:4)
  7 lorocyprocas
  9 war gargoyles
  9 deep elf demonologists
  7 chaos champions (Pan)
  The ghost of P0WERM0DE the Nimble, a journeyman DsNe of Okawaru (Lair:6)
  12 deep elf annihilators (Elf:3)
  9 corrupters
  A spark wasp (shapeshifter) (Abyss:4)
  A spark wasp (Depths:4)
  A mottled draconian (Zig:7)
  A yellow draconian (Zig:7)
  2 purple draconians
  2 white draconians (Depths:5)
  A dire elephant (D:15)
  The ghost of blinkfrog the Protected, a journeyman DDNe of Makhleb (Lair:4)
  34 vault guards
  7 black suns
  Snorg (Orc:2)
  6 eidola
  15 green deaths
  8 deep elf death magi
  A merfolk javelineer (Zig:13)
  A crystal guardian (Vaults:4)
  5 deep elf high priests (Elf:3)
  8 ettins
  19 death oozes
  10 jiangshi
  20 blizzard demons
  3 merfolk impalers (Zig:13)
  8 fire dragons
  A quicksilver dragon zombie (Zig:15)
  15 yaktaur captains
  Harold (D:10)
  5 rakshasas
  Fannar (Lair:3)
  3 entropy weavers
  18 ice dragons
  15 naga warriors
  25 great orbs of eyes
  3 hell beasts (Pan)
  Erolcha (Orc:4)
  4 ghost crabs
  43 hydras
  3 death knights
  4 spriggan air magi
  12 monstrous demonspawn (Pan)
  13 alligators
  10 ogre magi
  A catoblepas (Lair:3)
  Erica (D:9)
  15 dancing weapons (Elf:2)
  26 anacondas
  2 merfolk aquamancers (Zig:13)
  2 alligator snapping turtles (Zig:13)
  6 centaur warriors
  15 death yaks
  A satyr (Zig:13)
  12 shock serpents
  7 deep troll earth magi
  9 vampire magi
  6 naga sharpshooters
  8 deep troll shamans
  16 soul eaters
  6 tengu warriors
  2 titan zombies
  12 thrashing horrors (Abyss:4)
  12 hell knights
  5 orc high priests
  Sonja (D:14)
  3 spriggan berserkers
  The ghost of flinch the Unseen, a novice OpAs of Pakellas (D:9)
  Nergalle (Orc:4)
  5 salamander mystics
  A hell hog (Zig:15)
  12 spriggans
  8 wretched stars
  27 deep elf knights
  2 fire crabs
  A death drake (Zig:16)
  4 shadow wraiths
  8 iron trolls
  5 skeletal warriors
  6 spatial maelstroms (Abyss:4)
  18 sun demons
  An unseen horror (shapeshifter) (Abyss:4)
  3 death scarabs
  4 sea snakes (Zig:13)
  A spark wasp zombie (Crypt:2)
  2 spriggan druids
  A storm dragon skeleton (Zig:15)
  2 ghost moth zombies
  10 shadow demons
  2 cherubim (Pan)
  3 golden dragon zombies
  15 deep trolls
  6 infernal demonspawn (Pan)
  18 swamp dragons
  9 naga ritualists
  3 torturous demonspawn (Pan)
  4 unseen horrors
  A death drake (shapeshifter) (Depths:4)
  6 hill giants
  5 giant orange brains
  6 deep elf summoners
  7 gelid demonspawn (Pan)
  13 ironbrand convokers
  2 shadow dragon zombies
  An obsidian statue (Zig:12)
  The ghost of flinch the Covert, a novice OpAs of Pakellas (D:7)
  A golden dragon skeleton (Zig:15)
  13 mana vipers
  10 flayed ghosts
  A wolf spider (shapeshifter) (Depths:1)
  An anaconda skeleton (Crypt:1)
  7 putrid demonspawn (Pan)
  A harpy (shapeshifter) (D:15)
  4 necromancers
  7 wizards
  11 orc knights
  2 wolf spider zombies
  5 griffons
  A water nymph (Zig:13)
  Pikel (D:5)
  4 iron dragon zombies
  13 orc sorcerers
  2 fire giant zombies
  A stone giant zombie (Zig:9)
  2 tengu skeletons (Zig:15)
  7 fauns (Zig:13)
  18 deep elf conjurers
  31 ugly things
  A sphinx skeleton (Zig:9)
  4 sirens (Zig:13)
  5 cyclopes
  3 hornets (shapeshifter)
  2 manticores (Zig:13)
  20 phantasmal warriors
  9 shining eyes
  A shadow dragon skeleton (Zig:9)
  2 frost giant zombies
  10 sixfirhies
  8 hornets
  3 wolf spiders
  4 worldbinders (Abyss:4)
  18 salamanders
  An eye of devastation (Slime:6)
  4 apocalypse crabs (Abyss:4)
  6 rust devils
  29 naga magi
  3 molten gargoyles
  50 black mambas
  3 ice statues (IceCv)
  11 elephants
  9 vault sentinels
  27 smoke demons
  A torpor snail (shapeshifter) (Elf:2)
  38 spiny frogs
  A titan simulacrum (Crypt:1)
  5 gargoyles
  14 guardian serpents
  26 yaktaurs
  2 kobold demonologists (D:12)
  10 orange demons
  A mottled draconian zombie (Crypt:1)
  2 spriggan zombies
  An efreet (Abyss:4)
  2 hellions
  4 hellwings (Pan)
  12 tormentors
  7 fire drakes
  A jumping spider (shapeshifter) (Vaults:3)
  5 tengu conjurers
  An anaconda simulacrum (Abyss:4)
  A golden dragon simulacrum (Crypt:1)
  27 ice devils
  9 komodo dragons
  5 demonic crawlers
  3 guardian mummies (Zig:3)
  10 freezing wraiths
  23 red devils
  8 ancient zymes
  15 deep elf priests
  10 merfolk
  A jumping spider (Vaults:1)
  A polar bear (Lair:4)
  An iron troll skeleton (Crypt:1)
  A wolf spider simulacrum (Abyss:4)
  A two-headed ogre (shapeshifter) (D:13)
  12 giant leeches
  10 trolls
  A harpy zombie (D:13)
  3 wind drakes (Depths:2)
  5 boulder beetles
  12 bog bodies
  An ettin zombie (Crypt:3)
  12 raiju
  A snapping turtle (Zig:13)
  15 two-headed ogres
  124 slime creatures
  A frost giant simulacrum (Crypt:1)
  5 tarantellas
  29 blink frogs
  8 redbacks
  An ushabti (Zig:4)
  Sigmund (D:2)
  8 air elementals
  12 flying skulls
  13 wraiths
  A satyr skeleton (Crypt:2)
  10 small abominations (Abyss:4)
  4 fire elementals
  44 deep elf fighters
  An ettin skeleton (Crypt:3)
  4 fire bats (Depths:4)
  5 shadows
  A wind drake zombie (Crypt:2)
  2 wyverns
  30 deep elf magi
  31 ynoxinuls
  9 water elementals
  2 elf zombies
  7 golden eyes
  14 vampires
  A golden eye (shapeshifter) (Depths:3)
  57 yaks
  15 neqoxecs
  5 steam dragons
  11 hippogriffs
  A black mamba skeleton (Abyss:4)
  5 mottled dragons
  A steam dragon (shapeshifter) (Vaults:3)
  3 hungry ghosts
  A hog (shapeshifter) (D:14)
  34 vampire mosquitoes
  32 chaos spawn
  A human (D:11)
  Menkaure (D:5)
  22 wolves
  9 basilisks
  6 spatial vortices (Abyss:4)
  14 insubstantial wisps
  22 swamp worms
  3 soldier ants
  A warg (Zig:10)
  A spiny frog zombie (Crypt:2)
  6 hell hounds
  6 sky beasts
  Duvessa (D:5)
  50 nagas
  22 swamp drakes
  26 wasps
  32 orc warriors
  6 ice beasts
  27 water moccasins
  A black bear (Lair:4)
  14 porcupines
  8 necrophages
  50 ogres
  A black bear (shapeshifter) (Elf:2)
  8 eyes of draining
  10 boggarts
  A lindwurm zombie (Crypt:2)
  An ettin simulacrum (Abyss:4)
  A manticore skeleton (Crypt:1)
  18 centaurs
  A tengu (shapeshifter) (Vaults:5)
  12 crocodiles
  A fire drake zombie (Crypt:1)
  A phantom (D:8)
  30 giant frogs
  A wyvern zombie (D:8)
  A salamander skeleton (Crypt:1)
  8 earth elementals
  7 big kobolds
  Dowan (D:5)
  7 scorpions
  30 killer bees
  46 orc wizards
  A snapping turtle simulacrum (Crypt:1)
  20 wights
  4 quasits
  11 crimson imps
  4 electric eels
  3 draconian simulacra (IceCv)
  26 starcursed masses (Abyss:4)
  6 centaur zombies
  6 iron imps
  21 orc priests
  2 giant frog skeletons
  A giant frog zombie (D:6)
  28 jellies
  A gnoll shaman (D:10)
  5 hounds
  6 centaur skeletons
  2 demonspawn skeletons (Crypt:2)
  Jessica (D:2)
  2 hell rats (Lair:5)
  20 iguanas
  A lightning spire (Zig:11)
  2 troll simulacra (IceCv)
  A human skeleton (Crypt:3)
  20 sheep
  A porcupine skeleton (Crypt:1)
  19 worker ants
  2 killer bee zombies (D:9)
  4 centaur simulacra
  A dwarf skeleton (Crypt:2)
  9 mummies
  A worker ant zombie (D:11)
  An ogre simulacrum (IceCv)
  3 gnolls (D:10)
  A naga simulacrum (IceCv)
  53 river rats
  A swamp drake skeleton (Crypt:1)
  6 shadow imps
  21 adders
  15 white imps
  3 ufetubi
  3 oozes (Depths:5)
  3 worms
  7 giant geckos
  223 orcs
  A bat (shapeshifter) (Vaults:3)
  6 giant cockroaches
  9 hobgoblins
  21 jackals
  5 bats
  2 giant gecko skeletons
  4 giant newts
  5 goblins
  39 kobolds
  8 quokkas
  2 quokka skeletons (D:4)
  2 quokka zombies
  4 rats
  21 briar patches
  10 crawling corpses
  An eldritch tentacle segment (Depths:3)
  2 fire vortices (Depths:2)
  12 fungi
  2 lost souls
  16 plants
  12 starspawn tentacles (Abyss:4)
3637 creatures vanquished.

Vanquished Creatures (collateral kills)
  A greater mummy (Zig:4)
  3 acid blobs (Slime:6)
  A thorn hunter (Depths:2)
  4 azure jellies
  An iron dragon (Depths:5)
  A white draconian (Depths:5)
  A death ooze (Zig:8)
  An ettin (Depths:5)
  A green death (Zig:16)
  An ogre mage (Depths:2)
  A yaktaur captain (Depths:5)
  A spriggan air mage (Depths:2)
  A deep troll earth mage (Depths:3)
  A deep troll shaman (Depths:3)
  A tengu warrior (Depths:5)
  A swamp dragon (Zig:16)
  A giant orange brain (Depths:5)
  2 deep trolls (Depths:3)
  A cyclops (Zig:10)
  A rust devil (Zig:12)
  A tengu conjurer (Depths:2)
  A red devil (Depths:3)
  A yaktaur (Depths:2)
  An ice devil (Zig:9)
  A two-headed ogre (Depths:2)
  18 slime creatures
  A bog body (Zig:16)
  A water elemental (Depths:2)
  An air elemental (Depths:2)
  A swamp drake (Zig:16)
  A wasp (Zig:14)
  An orc warrior (Zig:10)
  A boggart (Depths:2)
  3 jellies
  An ooze (Depths:5)
  An orc (Zig:10)
61 creatures vanquished.

Vanquished Creatures (others)
  A deep elf master archer (Elf:3)
  An eldritch tentacle (Depths:3)
  A greater naga (Snake:3)
  A storm dragon (Vaults:5)
  A fire giant (Depths:3)
  A stone giant (Depths:4)
  A blizzard demon (Pan)
  A deep elf high priest (Elf:3)
  A hydra (Swamp:3)
  7 yaktaur captains
  A naga warrior (Snake:2)
  A satyr (Zig:13)
  2 centaur warriors
  A deep elf knight (Elf:1)
  4 naga sharpshooters
  A spriggan (Zig:16)
  A gelid demonspawn (Pan)
  An ironbrand convoker (Vaults:5)
  A deep troll (Vaults:5)
  2 deep elf conjurers
  3 cyclopes
  A salamander (Snake:4)
  A hornet (Zig:14)
  A large abomination (Abyss:4)
  A spriggan zombie (Zig:15)
  Joseph (D:10)
  A molten gargoyle (Depths:2)
  A guardian serpent (Snake:4)
  9 yaktaurs
  A giant leech (Zig:14)
  A slime creature (Depths:1)
  2 deep elf fighters
  3 small abominations
  A wraith (Abyss:4)
  2 neqoxecs
  2 vampire mosquitoes
  An orc warrior (Vaults:5)
  2 swamp drakes
  4 centaurs
  3 slaves (D:5)
  2 wasps
  A boggart (Vaults:3)
  An iguana (D:5)
  An orc wizard (Orc:4)
  A sheep (Lair:8)
  An adder (D:5)
  6 orcs
  A quokka (D:5)
  A giant newt (D:5)
  A kobold (D:11)
  9 briar patches (Zig:16)
  2 bushes (Lair:8)
  138 eldritch tentacle segments
  A fire vortex (Depths:2)
  21 fungi
  7 lost souls
  53 plants
  21 starspawn tentacles
  307 starspawn tentacle segments
647 creatures vanquished.

Grand Total: 4345 creatures vanquished

Notes
Turn   | Place    | Note
--------------------------------------------------------------
     0 | D:1      | Proton the Formicid Fighter began the quest for the Orb.
     0 | D:1      | Reached XP level 1. HP: 18/18 MP: 1/1
   215 | D:1      | Reached XP level 2. HP: 24/24 MP: 2/2
   689 | D:2      | Reached skill level 1 in Dodging
   694 | D:2      | Reached XP level 3. HP: 25/29 MP: 3/3
   747 | D:2      | Found a burning altar of Makhleb.
   796 | D:2      | Noticed Jessica
   800 | D:2      | Killed Jessica
   800 | D:2      | Reached skill level 4 in Shields
   800 | D:2      | Reached XP level 4. HP: 19/37 MP: 4/4
   878 | D:2      | Noticed Sigmund
  1478 | D:3      | Reached XP level 5. HP: 42/42 MP: 5/5
  1901 | D:3      | Reached XP level 6. HP: 3/48 MP: 6/6
  2426 | D:2      | HP: 1/48 [Sigmund/scythe of distortion (13)]
  2430 | D:2      | You fall through a shaft!
  2918 | D:4      | Found a shadowy altar of Dithmenos.
  2949 | D:4      | Found a stormy altar of Qazlal.
  3023 | D:4      | Found a glowing golden altar of the Shining One.
  3042 | D:4      | Found a glowing silver altar of Zin.
  3042 | D:4      | Found an opulent altar of Gozag.
  3045 | D:4      | Found a stormy altar of Qazlal.
  3046 | D:4      | Found a white marble altar of Elyvilon.
  3107 | D:4      | Found a staircase to the Ecumenical Temple.
  3116 | Temple   | Entered the Ecumenical Temple
  3271 | Temple   | Became a worshipper of Cheibriados the Contemplative
  3364 | D:4      | Found a shimmering altar of Xom.
  3718 | D:4      | Reached skill level 1 in Invocations
  3726 | D:5      | Entered Level 5 of the Dungeon
  3792 | D:5      | Noticed a slave
  3792 | D:5      | Noticed a slave
  3792 | D:5      | Noticed a slave
  3793 | D:5      | Noticed Pikel
  3793 | D:5      | Noticed a slave
  3815 | D:5      | Killed Pikel
  3815 | D:5      | Reached skill level 5 in Shields
  3815 | D:5      | Reached XP level 7. HP: 17/55 MP: 6/8
  3815 | D:5      | Reached XP level 8. HP: 18/61 MP: 6/9
  4092 | D:5      | Noticed Duvessa
  4094 | D:5      | Noticed Dowan
  4117 | D:5      | Killed Duvessa
  4117 | D:5      | Reached skill level 5 in Fighting
  4117 | D:5      | Reached skill level 5 in Axes
  4122 | D:5      | Reached * piety under Cheibriados
  4137 | D:5      | Killed Dowan
  4163 | D:5      | Reached skill level 5 in Armour
  4346 | D:5      | Noticed Menkaure
  4356 | D:5      | You fall through a shaft for 2 floors!
  4595 | D:7      | Reached skill level 6 in Axes
  4784 | D:7      | Reached XP level 9. HP: 66/68 MP: 11/11
  5162 | D:5      | Killed Menkaure
  5402 | D:2      | Reached ** piety under Cheibriados
  5435 | D:2      | Killed Sigmund
  6301 | D:5      | Got a pitted cloak
  6312 | D:5      | Identified the cursed +0 cloak "Qank" {MP+9} (You found it on level 5 of the Dungeon)
  6315 | D:5      | Found an oddly glowing altar of Pakellas.
  6366 | D:5      | Noticed Prince Ribbit
  6920 | D:6      | Reached skill level 7 in Axes
  7176 | D:6      | Reached *** piety under Cheibriados
  7381 | D:7      | Reached XP level 10. HP: 67/77 MP: 13/13
  7494 | D:7      | Found Naneasif's Book Emporium.
  7579 | D:7      | Noticed a white ugly thing
  7587 | D:7      | Killed a white ugly thing
  7619 | D:7      | Reached skill level 5 in Invocations
  7784 | D:7      | Noticed flinch's ghost (novice OpAs)
  7791 | D:7      | Killed flinch's ghost
  7791 | D:7      | Reached skill level 8 in Axes
  7823 | D:7      | Reached **** piety under Cheibriados
  7987 | D:8      | Found an iron altar of Okawaru.
  8114 | D:8      | Reached skill level 5 in Dodging
  8596 | D:9      | Reached ***** piety under Cheibriados
  8740 | D:9      | Found a shattered altar of Ashenzari.
  8744 | D:9      | Reached XP level 11. HP: 84/84 MP: 15/15
  8934 | D:9      | Found a staircase to the Orcish Mines.
  9156 | D:9      | Noticed flinch's ghost (novice OpAs)
  9167 | D:9      | Killed flinch's ghost
  9167 | D:9      | Reached skill level 9 in Axes
  9280 | D:9      | Noticed Erica
  9299 | D:9      | Killed Erica
  9571 | D:9      | Found a basalt altar of Yredelemnul.
  9640 | D:10     | Entered Level 10 of the Dungeon
  9640 | D:10     | Noticed Harold
  9671 | D:10     | Killed Harold
  9806 | D:10     | Noticed Joseph
 10135 | D:10     | Killed Joseph
 10205 | D:10     | Noticed a hill giant
 10218 | D:10     | Killed a hill giant
 10487 | D:10     | Found a staircase to the Lair.
 10493 | D:10     | Gained mutation: Your mind is acute. (Int +2) [potion of beneficial mutation]
 10494 | D:10     | Gained mutation: Your muscles are strong. (Str +2) [potion of beneficial mutation]
 10660 | D:10     | Reached XP level 12. HP: 71/94 MP: 17/17
 10701 | D:10     | Reached ****** piety under Cheibriados
 11099 | D:11     | Reached skill level 10 in Axes
 11159 | D:11     | Reached skill level 10 in Shields
 11988 | D:12     | Noticed a five-headed hydra
 12011 | D:12     | Killed a one-headed hydra
 12011 | D:12     | Reached XP level 13. HP: 84/103 MP: 19/19
 12172 | D:12     | Reached skill level 10 in Fighting
 12410 | D:12     | Gained mutation: Your natural rate of healing is unusually fast. [mutagenic meat]
 12411 | D:12     | Gained mutation: You are surrounded by a mild repulsion field (EV +2). [mutagenic meat]
 12465 | D:12     | Reached skill level 11 in Shields
 12551 | D:12     | Reached skill level 10 in Armour
 12676 | D:12     | Gained mutation: Your spells are a little easier to cast, but a little less powerful. [mutagenic meat]
 12677 | D:12     | Gained mutation: You are agile. (Dex +2) [mutagenic meat]
 12678 | D:12     | Gained mutation: You are resistant to hostile enchantments. [mutagenic meat]
 12738 | D:13     | Lost mutation: Your mind is acute. (Int +2) [mutagenic meat]
 12740 | D:13     | Gained mutation: Your system is resistant to poisons. [mutagenic meat]
 12741 | D:13     | Lost mutation: Your muscles are strong. (Str +2) [mutagenic meat]
 12963 | D:13     | Found a large runed door.
 12964 | D:13     | Found a large runed door.
 13024 | D:13     | Found a frozen archway.
 13039 | IceCv    | Entered an ice cave
 13610 | IceCv    | Reached skill level 10 in Invocations
 14341 | D:13     | Noticed a yaktaur captain
 14344 | D:13     | Reached XP level 14. HP: 81/111 MP: 21/21
 14440 | D:13     | Found a gate to the Vaults.
 14800 | D:13     | Reached skill level 12 in Shields
 15240 | D:14     | Gained mutation: You are frail (-10% HP). [mutagenic meat]
 15241 | D:14     | Lost mutation: Your spells are a little easier to cast, but a little less powerful. [mutagenic meat]
 15242 | D:14     | Gained mutation: Your mind is acute. (Int +2) [mutagenic meat]
 15244 | D:14     | Gained mutation: You are weak. (Str -2) [mutagenic meat]
 15261 | D:14     | Noticed Sonja
 15454 | D:14     | Lost mutation: You are weak. (Str -2) [mutagenic meat]
 15455 | D:14     | Gained mutation: You expend magic power (3 MP) to strengthen your wands. [mutagenic meat]
 15456 | D:14     | Gained mutation: Your mind is very acute. (Int +4) [mutagenic meat]
 15484 | D:14     | Killed Sonja
 15552 | D:14     | Gained mutation: Your muscles are strong. (Str +2) [mutagenic meat]
 15553 | D:14     | Lost mutation: You are surrounded by a mild repulsion field (EV +2). [mutagenic meat]
 15554 | D:14     | Lost mutation: You are agile. (Dex +2) [mutagenic meat]
 15585 | D:15     | Entered Level 15 of the Dungeon
 15668 | D:15     | Gained mutation: Your spells are a little easier to cast, but a little less powerful. [mutagenic meat]
 15669 | D:15     | Lost mutation: Your system is resistant to poisons. [mutagenic meat]
 15670 | D:15     | Gained mutation: Your system is resistant to poisons. [mutagenic meat]
 15673 | D:15     | Lost mutation: You are frail (-10% HP). [mutagenic meat]
 16018 | D:15     | Got a bloodstained war axe
 16051 | D:15     | Identified the cursed +0 war axe "Usoinel" {chop, MP+9 Int+4} (You found it on level 15 of the Dungeon)
 16211 | D:15     | Lost mutation: Your mind is very acute. (Int +4) [mutagenic meat]
 16212 | D:15     | Gained mutation: Your flesh is cold resistant. [mutagenic meat]
 16262 | D:15     | Reached XP level 15. HP: 109/120 MP: 23/23
 16313 | D:15     | Gained mutation: Scrolls take you a little longer to read. [mutagenic meat]
 16314 | D:15     | Gained mutation: Your flesh is very cold resistant. [mutagenic meat]
 16315 | D:15     | Gained mutation: You are agile. (Dex +2) [mutagenic meat]
 16316 | D:15     | Gained mutation: Your muscles are very strong. (Str +4) [mutagenic meat]
 16317 | D:15     | Lost mutation: Scrolls take you a little longer to read. [mutagenic meat]
 16318 | D:15     | Lost mutation: You are agile. (Dex +2) [mutagenic meat]
 16321 | D:15     | Lost mutation: Your muscles are very strong. (Str +4) [mutagenic meat]
 16322 | D:15     | Gained mutation: You are clumsy. (Dex -2) [mutagenic meat]
 16324 | D:15     | Gained mutation: You are partially covered in large bone plates (AC +2, SH +2). [mutagenic meat]
 16513 | D:15     | Found a staircase to the Depths.
 16733 | Lair:1   | Entered Level 1 of the Lair of Beasts
 17759 | Lair:2   | Got a faintly glowing brass ring
 17761 | Lair:2   | Identified the ring of Qattir Dan {SustAt *Corrode Str+3 Stlth+} (You found it on level 2 of the Lair of Beasts)
 18032 | Lair:3   | Noticed Fannar
 18053 | Lair:3   | Killed Fannar
 18128 | Lair:3   | Found a shimmering altar of Xom.
 18155 | Lair:3   | Reached skill level 13 in Shields
 19029 | Lair:4   | Got a polished rapier
 19030 | Lair:4   | Identified the cursed +0 rapier of Reinforcement {freeze, rElec rC+ MR++ Str-3} (You found it on level 4 of the Lair of Beasts)
 19133 | Lair:4   | Noticed blinkfrog's ghost (journeyman DDNe)
 19159 | Lair:4   | Found a staircase to the Swamp.
 19173 | Lair:4   | Killed blinkfrog's ghost
 19761 | Lair:4   | Reached skill level 10 in Dodging
 20079 | Lair:5   | Reached XP level 16. HP: 129/129 MP: 25/25
 20810 | Lair:6   | Noticed P0WERM0DE's ghost (journeyman DsNe)
 20842 | Lair:6   | Killed P0WERM0DE's ghost
 20894 | Lair:6   | Found a shimmering altar of Xom.
 21042 | Lair:6   | Found a staircase to the Snake Pit.
 21443 | Lair:7   | Found a viscous altar of Jiyva.
 21443 | Lair:7   | Found a staircase to the Slime Pits.
 22157 | Lair:8   | Entered Level 8 of the Lair of Beasts
 22479 | Lair:8   | Reached skill level 14 in Shields
 22722 | Lair:8   | Gained mutation: You are robust (+10% HP). [mutagenic meat]
 22870 | Lair:8   | Reached XP level 17. HP: 144/150 MP: 26/26
 23665 | Orc:1    | Entered Level 1 of the Orcish Mines
 23666 | Orc:1    | Found Metiam's Armour Shop.
 24487 | Orc:2    | You fall through a shaft!
 24494 | Orc:2    | Noticed Snorg
 24508 | Orc:2    | Killed Snorg
 25006 | Orc:4    | Entered Level 4 of the Orcish Mines
 25019 | Orc:4    | Found a staircase to the Elven Halls.
 25450 | Orc:4    | Noticed Saint Roka
 25451 | Orc:4    | Found Erogoc's Gadget Shoppe.
 25489 | Orc:4    | Killed Saint Roka
 25700 | Orc:4    | Found an ancient bone altar of Kikubaaqudgha.
 25701 | Orc:4    | Noticed Nergalle
 25709 | Orc:4    | Killed Nergalle
 25720 | Orc:4    | Found Wuteabeleu's Book Shoppe.
 25742 | Orc:4    | Noticed Erolcha
 25747 | Orc:4    | Found a radiant altar of Vehumet.
 25757 | Orc:4    | Killed Erolcha
 25774 | Orc:4    | Found a roughly hewn altar of Beogh.
 25774 | Orc:4    | Found Epue's Distillery.
 25789 | Orc:4    | Found Quqofyshai's Antique Armour Emporium.
 26554 | Snake:1  | Entered Level 1 of the Snake Pit
 27652 | Snake:1  | Reached skill level 15 in Shields
 27809 | Snake:1  | Lost mutation: You are resistant to hostile enchantments. [mutagenic meat]
 27810 | Snake:1  | Gained mutation: You can breathe flames. [mutagenic meat]
 27813 | Snake:1  | Lost mutation: You are clumsy. (Dex -2) [mutagenic meat]
 27814 | Snake:1  | Lost mutation: You can breathe flames. [mutagenic meat]
 27917 | Snake:2  | Gained mutation: You can spit weak poison. [mutagenic meat]
 27918 | Snake:2  | Gained mutation: Your movements are slightly less encumbered by armour (ER -2). [mutagenic meat]
 27919 | Snake:2  | Lost mutation: You are robust (+10% HP). [mutagenic meat]
 28018 | Snake:2  | Reached XP level 18. HP: 146/146 MP: 28/28
 28052 | Snake:2  | Found a blossoming altar of Fedhas.
 28168 | Snake:2  | Gained mutation: You are partially covered in slimy green scales (AC +2). [mutagenic meat]
 28171 | Snake:2  | Lost mutation: Your natural rate of healing is unusually fast. [mutagenic meat]
 28172 | Snake:2  | Gained mutation: Your natural rate of healing is unusually fast. [mutagenic meat]
 28182 | Snake:2  | Found Jillag's Assorted Antiques.
 28194 | Snake:2  | Bought a scroll labeled ARYXEI OVECKATT for 35 gold pieces
 28797 | Snake:3  | Gained mutation: You have very sharp teeth. [potion of mutation]
 28797 | Snake:3  | Gained mutation: Scrolls take you a little longer to read. [potion of mutation]
 28931 | Snake:3  | Noticed Jorgrun
 28948 | Snake:3  | Killed Jorgrun
 28989 | Snake:3  | Noticed Aizul
 29007 | Snake:3  | Killed Aizul
 29758 | Snake:4  | Entered Level 4 of the Snake Pit
 29946 | Snake:4  | Reached XP level 19. HP: 103/154 MP: 29/29
 30035 | Snake:4  | Reached skill level 16 in Shields
 30157 | Snake:4  | Reached skill level 15 in Fighting
 30553 | Snake:4  | Lost mutation: Scrolls take you a little longer to read. [mutagenic meat]
 30554 | Snake:4  | Lost mutation: Your spells are a little easier to cast, but a little less powerful. [mutagenic meat]
 30555 | Snake:4  | Gained mutation: You have sharp toenails. [mutagenic meat]
 30556 | Snake:4  | Lost mutation: You can spit weak poison. [mutagenic meat]
 30733 | Snake:4  | Reached skill level 15 in Armour
 31079 | Snake:4  | Got a serpentine rune of Zot
 31235 | Snake:4  | Reached skill level 15 in Axes
 31570 | Swamp:1  | Entered Level 1 of the Swamp
 31606 | Swamp:1  | Found a burning altar of Makhleb.
 31943 | Swamp:1  | Noticed Roxanne
 31959 | Swamp:1  | Killed Roxanne
 31959 | Swamp:1  | Reached XP level 20. HP: 129/163 MP: 30/30
 33265 | Swamp:3  | Reached skill level 17 in Shields
 33867 | Swamp:4  | Entered Level 4 of the Swamp
 34836 | Swamp:4  | Got a decaying rune of Zot
 34983 | Swamp:4  | Got a bloodstained broad axe
 34984 | Swamp:4  | Identified the cursed +0 broad axe of the Extremes {venom, rPois} (You found it on level 4 of the Swamp)
 35376 | Swamp:4  | Gained mutation: Your magical capacity is low (-10% MP). [mutagenic meat]
 35379 | Swamp:4  | Lost mutation: Your flesh is very cold resistant. [mutagenic meat]
 35757 | Vaults:1 | Entered Level 1 of the Vaults
 35806 | Vaults:1 | Noticed Asterion
 35821 | Vaults:1 | Killed Asterion
 35821 | Vaults:1 | Reached XP level 21. HP: 150/171 MP: 28/28
 36535 | Vaults:1 | Found Rumed's Book Boutique.
 36642 | Vaults:1 | Gained mutation: Your muscles are very strong. (Str +4) [potion of mutation]
 36642 | Vaults:1 | Gained mutation: Scrolls take you a little longer to read. [potion of mutation]
 37474 | Vaults:2 | Lost mutation: Your mind is acute. (Int +2) [mutagenic meat]
 37478 | Vaults:2 | Lost mutation: Your movements are slightly less encumbered by armour (ER -2). [mutagenic meat]
 37479 | Vaults:2 | Gained mutation: You can breathe flames. [mutagenic meat]
 37480 | Vaults:2 | Gained mutation: Your mind is acute. (Int +2) [mutagenic meat]
 37481 | Vaults:2 | Lost mutation: Your flesh is cold resistant. [mutagenic meat]
 37483 | Vaults:2 | Lost mutation: Your system is resistant to poisons. [mutagenic meat]
 37484 | Vaults:2 | Gained mutation: You have razor-sharp toenails. [mutagenic meat]
 37487 | Vaults:2 | Lost mutation: You have razor-sharp toenails. [mutagenic meat]
 37852 | Vaults:2 | Found a staircase to the Crypt.
 37852 | Vaults:2 | Found an ancient bone altar of Kikubaaqudgha.
 37853 | Vaults:2 | Found a basalt altar of Yredelemnul.
 38128 | Vaults:3 | Found Ribb's Gadget Shop.
 38222 | Vaults:3 | Found Vuloj's Weapon Emporium.
 38283 | Vaults:3 | Noticed Frederick
 38308 | Vaults:3 | Killed Frederick
 38316 | Vaults:3 | Reached skill level 18 in Shields
 38653 | Vaults:3 | Found Vuveoxkodu's Jewellery Shoppe.
 38901 | Vaults:3 | Found Jeizudd's Jewellery Shoppe.
 38911 | Vaults:3 | Bought the ring "Naat" {rF+ EV+3} for 455 gold pieces
 38953 | Vaults:3 | Reached XP level 22. HP: 180/180 MP: 29/29
 39061 | Vaults:4 | Found Byqas's Magic Scroll Emporium.
 39067 | Vaults:4 | Bought a scroll of acquirement for 624 gold pieces
 39072 | Vaults:4 | Got a dazzling hand axe
 39076 | Vaults:4 | Identified the +8 hand axe "Jezxiciu" {vamp, rC+ Int+6 Dex+2} (You acquired it on level 4 of the Vaults)
 39131 | Vaults:4 | Identified the Almanac of Confrontation
 39229 | Vaults:4 | Noticed Mennas
 39342 | Vaults:4 | Killed Mennas
 40435 | Elf:1    | Entered Level 1 of the Elven Halls
 40741 | Elf:1    | Gained mutation: Your mind is very acute. (Int +4) [potion of mutation]
 40883 | Elf:1    | Gained mutation: You are mostly covered in large bone plates (AC +3, SH +3). [potion of beneficial mutation]
 41503 | Elf:2    | Found a runed gate.
 41503 | Elf:2    | Found a runed gate.
 41503 | Elf:2    | Found a runed gate.
 41768 | Elf:2    | Found Heosoem's Antique Armour Shoppe.
 41771 | Elf:2    | Bought a pair of faintly glowing gloves for 313 gold pieces
 41865 | Elf:2    | Identified the cursed -3 pair of gloves of a bailey {-Tele +Inv Int+5} (You bought it in a shop on level 2 of the Elven Halls)
 42282 | Elf:3    | Entered Level 3 of the Elven Halls
 42359 | Elf:3    | Reached XP level 23. HP: 188/188 MP: 30/30
 42658 | Elf:3    | Gained mutation: You are frail (-10% HP). [a neqoxec]
 43115 | Elf:3    | Reached skill level 19 in Shields
 43434 | Elf:3    | Gained mutation: Your spells are a little easier to cast, but a little less powerful. [a cacodemon]
 43494 | Elf:3    | Reached skill level 15 in Dodging
 43589 | Elf:3    | Got a coiled steel ring
 43597 | Elf:3    | Identified the ring "Sybudoggu" {rF+ Slay+2} (You took it off a deep elf conjurer on level 3 of the Elven Halls)
 43698 | Elf:3    | Lost mutation: Your muscles are very strong. (Str +4) [potion of mutation]
 43804 | Elf:3    | Identified Lybiph's Advanced Steps in Wizardry (You found it on level 3 of the Elven Halls)
 44245 | Vaults:5 | Entered Level 5 of the Vaults
 44344 | Vaults:4 | Reached XP level 24. HP: 177/177 MP: 29/30
 44450 | Vaults:5 | Noticed Jory
 44453 | Vaults:5 | Noticed an ancient lich
 44482 | Vaults:5 | Killed Jory
 44495 | Vaults:5 | Killed an ancient lich
 44506 | Vaults:5 | Cast into level 4 of the Abyss (a lich)
 44586 | Abyss:4  | Found a viscous altar of Jiyva.
 44718 | Abyss:4  | Lost mutation: Your spells are a little easier to cast, but a little less powerful. [mutagenic meat]
 44820 | Abyss:4  | Reached skill level 20 in Shields
 45116 | Abyss:4  | Gained mutation: Armour fits poorly on your strangely shaped body. [a neqoxec]
 45221 | Abyss:4  | Reached XP level 25. HP: 171/184 MP: 20/23
 45256 | Abyss:4  | Found a roughly hewn altar of Beogh.
 46096 | Abyss:4  | Found a corrupted altar of Lugonu.
 46112 | Abyss:4  | Got an abyssal rune of Zot
 46249 | Vaults:5 | Escaped the Abyss
 46264 | Vaults:5 | Gained mutation: You are very frail (-20% HP). [a cacodemon]
 46267 | Vaults:5 | Lost mutation: Your mind is very acute. (Int +4) [a cacodemon]
 46720 | Vaults:5 | Reached skill level 21 in Axes
 46720 | Vaults:5 | Reached XP level 26. HP: 172/172 MP: 30/30
 46827 | Vaults:5 | Lost mutation: You expend magic power (3 MP) to strengthen your wands. [mutagenic meat]
 46830 | Vaults:5 | Gained mutation: You are extremely frail (-30% HP). [mutagenic meat]
 47346 | Vaults:5 | Lost mutation: Armour fits poorly on your strangely shaped body. [mutagenic meat]
 47365 | Vaults:5 | Identified Bigouf's Incunabulum of Unholy Rites and Conjuration
 47384 | Vaults:5 | Got a silver rune of Zot
 47778 | D:8      | Learned a level 9 spell: Tornado
 47898 | Depths:1 | Entered Level 1 of the Depths
 47935 | Depths:1 | Reached skill level 1 in Spellcasting
 47963 | Depths:1 | Reached skill level 1 in Air Magic
 47985 | Depths:1 | Found Ymea's Assorted Antiques.
 48095 | Depths:1 | Bought a potion of cure mutation for 735 gold pieces
 48095 | Depths:1 | Found Asiug's Book Boutique.
 48127 | Depths:1 | Found Ecwaph's Assorted Antiques.
 48219 | Depths:1 | Found Piablum's Gadget Boutique.
 48277 | Depths:1 | Found a gateway to Hell.
 48278 | Depths:1 | Found a one-way gate to the infinite horrors of the Abyss.
 49350 | Depths:2 | Found a gateway to a ziggurat.
 49558 | Depths:2 | Learned a level 3 spell: Regeneration
 49629 | Depths:2 | Identified the Almanac of the Shifting Rocks
 49632 | Depths:2 | Identified the Handbook of Destructive Weightlessness
 49641 | Depths:2 | Learned a level 6 spell: Deflect Missiles
 49842 | Depths:3 | Lost mutation: Scrolls take you a little longer to read. [mutagenic meat]
 49844 | Depths:3 | Gained mutation: Your mind is very acute. (Int +4) [mutagenic meat]
 49846 | Depths:3 | Lost mutation: Your mind is very acute. (Int +4) [mutagenic meat]
 49849 | Depths:3 | Lost mutation: You are extremely frail (-30% HP). [mutagenic meat]
 49852 | Depths:3 | Lost mutation: Your magical capacity is low (-10% MP). [mutagenic meat]
 50254 | Depths:3 | Reached XP level 27. HP: 177/177 MP: 34/34
 50771 | Depths:3 | Found a one-way gate leading to the halls of Pandemonium.
 50802 | Depths:3 | Noticed Wiglaf
 50809 | Depths:3 | Killed Wiglaf
 50809 | Depths:3 | Reached skill level 5 in Spellcasting
 51684 | Depths:4 | Found Ulabee's Distillery.
 51692 | Depths:4 | Bought a potion of flight for 51 gold pieces
 51718 | Depths:5 | Entered Level 5 of the Depths
 51781 | Depths:5 | Found a gate to the Realm of Zot.
 51805 | Depths:5 | Reached skill level 5 in Air Magic
 51947 | Depths:5 | Found a viscous altar of Jiyva.
 52047 | Depths:5 | Noticed Arkorax's ghost (veteran NaFi)
 52067 | Depths:5 | Killed Arkorax's ghost
 52084 | Depths:5 | Noticed a juggernaut
 52095 | Depths:5 | Killed a juggernaut
 52752 | Vaults:3 | Bought an uncursed amulet of resist corrosion for 320 gold pieces
 53219 | Slime:1  | Entered Level 1 of the Pits of Slime
 53349 | Slime:4  | Reached skill level 22 in Shields
 53371 | Slime:5  | Gained mutation: Scrolls take you a little longer to read. [a shining eye]
 53372 | Slime:5  | Gained mutation: Armour fits poorly on your strangely shaped body. [a shining eye]
 53393 | Slime:5  | Gained mutation: Scrolls take you longer to read. [a shining eye]
 53395 | Slime:5  | Gained mutation: Your magical capacity is low (-10% MP). [a shining eye]
 53398 | Slime:5  | Gained mutation: Your body sometimes deteriorates upon taking damage. [a shining eye]
 53407 | Slime:6  | Entered Level 6 of the Pits of Slime
 53409 | Slime:6  | Lost mutation: You can breathe flames. [a shining eye]
 53411 | Slime:6  | Gained mutation: Your spells are a little easier to cast, but a little less powerful. [a shining eye]
 53412 | Slime:6  | Gained mutation: You occasionally shout uncontrollably at your foes. [a shining eye]
 53874 | Slime:6  | Found a viscous altar of Jiyva.
 53874 | Slime:6  | Noticed the Royal Jelly
 53888 | Slime:6  | Killed the Royal Jelly
 53926 | Slime:6  | Lost mutation: Your mind is acute. (Int +2) [potion of cure mutation]
 53926 | Slime:6  | Lost mutation: You are mostly covered in large bone plates (AC +3, SH +3). [potion of cure mutation]
 53926 | Slime:6  | Lost mutation: You are very frail (-20% HP). [potion of cure mutation]
 53927 | Slime:6  | Lost mutation: You are frail (-10% HP). [potion of cure mutation]
 53927 | Slime:6  | Lost mutation: Scrolls take you longer to read. [potion of cure mutation]
 53927 | Slime:6  | Lost mutation: Your body sometimes deteriorates upon taking damage. [potion of cure mutation]
 53927 | Slime:6  | Lost mutation: Scrolls take you a little longer to read. [potion of cure mutation]
 53928 | Slime:6  | Lost mutation: Armour fits poorly on your strangely shaped body. [potion of cure mutation]
 53928 | Slime:6  | Lost mutation: Your spells are a little easier to cast, but a little less powerful. [potion of cure mutation]
 53928 | Slime:6  | Lost mutation: You occasionally shout uncontrollably at your foes. [potion of cure mutation]
 53928 | Slime:6  | Lost mutation: You have sharp toenails. [potion of cure mutation]
 53928 | Slime:6  | Lost mutation: Your magical capacity is low (-10% MP). [potion of cure mutation]
 53934 | Slime:6  | Identified the Papyrus of the Destructive Frostbite (You found it on level 6 of the Pits of Slime)
 53971 | Slime:6  | Got a shimmering ivory amulet
 53992 | Slime:6  | Identified the amulet "Raj Kele" {Gourm Fragile rN++} (You found it on level 6 of the Pits of Slime)
 54031 | Slime:6  | Got a steaming triple sword
 54032 | Slime:6  | Identified the cursed +3 triple sword of Roenurig {antimagic, Int+4} (You found it on level 6 of the Pits of Slime)
 54037 | Slime:6  | Got a fine glass ring
 54038 | Slime:6  | Identified the ring "Namawn" {rC+ MP+9 Str+2 Int+4 Dex+2} (You found it on level 6 of the Pits of Slime)
 54080 | Slime:6  | Identified the Papyrus of Quantum Moulding
 54086 | Slime:6  | Got a slimy rune of Zot
 54570 | Depths:2 | Gained mutation: Your movements are slightly less encumbered by armour (ER -2). [potion of beneficial mutation]
 54586 | Zig:1    | Entered Level 1 of a ziggurat
 54596 | Zig:1    | Got a pitted cloak
 54614 | Zig:1    | Identified the cursed +0 cloak "Geufuamn" {Int+3 Dex+2 Stlth-} (You found it on level 1 of a ziggurat)
 54782 | Zig:2    | Entered Level 2 of a ziggurat
 54812 | Zig:3    | Entered Level 3 of a ziggurat
 54833 | Zig:4    | Entered Level 4 of a ziggurat
 54835 | Zig:4    | Noticed a greater mummy
 54844 | Zig:4    | Killed a greater mummy
 54978 | Zig:4    | Got a steaming tin ring
 54999 | Zig:4    | Identified the ring "Nupif" {+/*Tele Str+4} (You found it on level 4 of a ziggurat)
 55006 | Zig:5    | Entered Level 5 of a ziggurat
 55043 | Zig:5    | Got an ichor-stained war axe
 55045 | Zig:5    | Identified the +2 war axe "Viev Fao" {elec, Dex+4} (You found it on level 5 of a ziggurat)
 55049 | Zig:6    | Entered Level 6 of a ziggurat
 55155 | Zig:6    | Got a steaming steel ring
 55175 | Zig:6    | Identified the ring of Rempucs {rF+ rC+ Dex+3 Stlth+} (You found it on level 6 of a ziggurat)
 55189 | Zig:7    | Entered Level 7 of a ziggurat
 55244 | Zig:7    | Got a heavily runed tin ring
 55255 | Zig:7    | Identified the ring "Mymi" {+Inv Stlth+} (You found it on level 7 of a ziggurat)
 55423 | Zig:8    | Entered Level 8 of a ziggurat
 55478 | Zig:8    | Got a smoking copper ring
 55530 | Zig:8    | Identified the ring of Grontol {SustAt Str+5 Dex-2} (You found it on level 8 of a ziggurat)
 55558 | Zig:8    | Identified the Guide on Ice (You found it on level 8 of a ziggurat)
 55612 | Zig:9    | Entered Level 9 of a ziggurat
 55708 | Zig:9    | Reached skill level 10 in Spellcasting
 55813 | Zig:10   | Entered Level 10 of a ziggurat
 56233 | Zig:11   | Entered Level 11 of a ziggurat
 56239 | Zig:11   | Noticed Ysse the pandemonium lord
 56248 | Zig:11   | Killed Ysse the pandemonium lord
 56557 | Zig:11   | Got a faintly glowing glass ring
 56575 | Zig:11   | Identified the ring of Immorality {*Drain rPois MP-9 Dex+8 Stlth+} (You found it on level 11 of a ziggurat)
 56633 | Zig:12   | Entered Level 12 of a ziggurat
 56654 | Zig:12   | HP: 1/227 [iron giant/iron shot (60)]
 56668 | Zig:12   | Cast into level 3 of the Abyss (reaper)
 56668 | Abyss:3  | Found a corrupted altar of Lugonu.
 56788 | Zig:12   | Escaped the Abyss
 56865 | Zig:12   | Identified Geecw's Catalogue of Sinister Arts and Orientation (You found it on level 12 of a ziggurat)
 56940 | Zig:13   | Entered Level 13 of a ziggurat
 56975 | Zig:13   | Reached skill level 23 in Axes
 57053 | Zig:13   | Identified the Reference Book on the Frostbite
 57104 | Zig:14   | Entered Level 14 of a ziggurat
 57483 | Zig:14   | Got a smoking plate armour
 57484 | Zig:14   | Identified the +1 plate armour "Doytu" {*Confuse Regen+ rCorr Stlth+} (You found it on level 14 of a ziggurat)
 57489 | Zig:14   | Identified Feimiu's Papyrus of Floating Attacks
 57533 | Zig:15   | Entered Level 15 of a ziggurat
 57766 | Zig:15   | Got a vibrating platinum amulet
 57770 | Zig:15   | Identified the amulet "Jalov" {*Confuse +Rage rF+ rC+ Dex+9} (You found it on level 15 of a ziggurat)
 57776 | Zig:15   | Identified the Reference Book on Sinister Rituals and Fire
 57784 | Zig:15   | Gained mutation: You are robust (+10% HP). [potion of beneficial mutation]
 57802 | Zig:16   | Entered Level 16 of a ziggurat
 57877 | Zig:16   | Reached skill level 24 in Axes
 58242 | Zig:16   | Got a clouded lead ring
 58263 | Zig:16   | Identified the ring "Iroic" {+Inv +Fly rF+ rC++ SInv} (You found it on level 16 of a ziggurat)
 58535 | Crypt:1  | Entered Level 1 of the Crypt
 59313 | Crypt:2  | Found a magical portal.
 59336 | WizLab   | Entered Doroklohe's Tomb
 59531 | WizLab   | Got a warped cloak
 59542 | WizLab   | Identified the +2 cloak of the Rose {rElec rF+ Str-4} (You found it in a wizard's laboratory)
 60363 | Crypt:3  | Entered Level 3 of the Crypt
 60605 | Crypt:3  | Identified the Handbook of Unholy Arts
 60684 | Crypt:3  | Found a staircase to the Tomb.
 60715 | Crypt:3  | Identified Sif Muna's Incunabulum of Poisoning
 60861 | Crypt:3  | Got an ebony great sword
 60863 | Crypt:3  | Identified the +0 great sword of Courage {drain, *Corrode Dex+5} (You found it on level 3 of the Crypt)
 60866 | Crypt:3  | Gained mutation: Your flesh is cold resistant. [potion of beneficial mutation]
 61766 | Crypt:3  | Found an ancient bone altar of Kikubaaqudgha.
 61768 | Crypt:3  | Noticed an ancient lich
 61780 | Crypt:3  | Noticed an ancient lich
 61780 | Crypt:3  | Killed an ancient lich
 61787 | Crypt:3  | Killed an ancient lich
 61787 | Crypt:3  | Reached skill level 25 in Axes
 61912 | Crypt:3  | Noticed an ancient lich
 61930 | Crypt:3  | Killed an ancient lich
 62533 | Orc:4    | Bought a wand of heal wounds (5) for 756 gold pieces
 62570 | Orc:4    | Bought a potion of might for 52 gold pieces
 62570 | Orc:4    | Bought a potion of heal wounds for 65 gold pieces
 62570 | Orc:4    | Bought a potion of might for 52 gold pieces
 62570 | Orc:4    | Bought a potion of might for 52 gold pieces
 62953 | Snake:2  | Bought a potion of heal wounds for 175 gold pieces
 63414 | Depths:4 | Bought a potion of heal wounds for 85 gold pieces
 63414 | Depths:4 | Bought a potion of heal wounds for 85 gold pieces
 63565 | Pan      | Entered Pandemonium
 63607 | Pan      | Noticed Laavizics the pandemonium lord
 63607 | Pan      | Gained mutation: You are clumsy. (Dex -2) [a neqoxec]
 63625 | Pan      | Killed Laavizics the pandemonium lord
 63791 | Pan      | Found an exit through the horrors of the Abyss.
 64064 | Pan      | Reached skill level 10 in Air Magic
 64409 | Pan      | Noticed Luehiunnydd the pandemonium lord
 64421 | Pan      | Killed Luehiunnydd the pandemonium lord
 64432 | Pan      | Got a scorched tin ring
 64433 | Pan      | Identified the ring of Qig Uxir {Str+3 Int+5} (You found it in Pandemonium)
 64658 | Pan      | Lost mutation: You are robust (+10% HP). [a neqoxec]
 64784 | Pan      | Noticed Lifitin the pandemonium lord
 64794 | Pan      | Killed Lifitin the pandemonium lord
 65009 | Pan      | Noticed Ryschogho the pandemonium lord
 65019 | Pan      | Killed Ryschogho the pandemonium lord
 65337 | Pan      | Found an exit through the horrors of the Abyss.
 65525 | Pan      | Noticed Qemodet the pandemonium lord
 65532 | Pan      | Killed Qemodet the pandemonium lord
 65788 | Pan      | Noticed Fikou the pandemonium lord
 65801 | Pan      | Killed Fikou the pandemonium lord
 65803 | Pan      | Gained mutation: Potions and wands are less effective at restoring your health. [a neqoxec]
 65879 | Pan      | Found an exit through the horrors of the Abyss.
 65918 | Pan      | Gained mutation: You are frail (-10% HP). [a cacodemon]
 65922 | Pan      | Reached skill level 26 in Axes
 65971 | Pan      | Noticed Mudyen the pandemonium lord
 65975 | Pan      | Killed Mudyen the pandemonium lord
 66298 | Pan      | Found an exit through the horrors of the Abyss.
 66388 | Pan      | Found an exit through the horrors of the Abyss.
 66632 | Pan      | Gained mutation: You are very frail (-20% HP). [a cacodemon]
 66833 | Pan      | Noticed Odexigh the pandemonium lord
 66855 | Pan      | Killed Odexigh the pandemonium lord
 67102 | Pan      | Gained mutation: You are extremely frail (-30% HP). [a neqoxec]
 67103 | Pan      | Gained mutation: Your magical capacity is low (-10% MP). [a neqoxec]
 67106 | Pan      | Killed from afar by a Brimstone Fiend

Vault maps used:
D:1:      lemuel_arrival_river_bridge, hangedman_decor_peaks_small
D:2:      nicolae_overflow_crystal_walls, uniq_jessica, uniq_sigmund
D:4:      grunt_temple_overflow_open, nicolae_dithmenos_the_darkroom,
          marbit_many_paths, minmay_temple_entry_glassed_door, first_bread,
          nicolae_qazlal_general_emergency
D:5:      grunt_pakellas_sulfur, uniq_pikel, uniq_prince_ribbit1, uniq_menkaure,
          uniq_duvessa
D:6:      st_stairs_4
D:7:      serial_shops, kennysheep_little_box
D:8:      okawaru_trees_1
D:9:      lemuel_coloured_pillars_altar, kennysheep_mini, david_orc_3,
          uniq_erica
D:10:     erik_lair_dragon, uniq_harold, uniq_joseph
D:11:     hangedman_stone_soup, small_statue_intersection
D:13:     david_vaults_2, portal_ice_cave_entry_imps, lightli_elemental_guards
D:14:     kennysheep_decorative_pillar, water_boxes_lemuel, uniq_sonja
D:15:     hangedman_depths_entry_try_elsewhere_first, abandoned_shop,
          minivault_16
Temple:   jpeg_temple_alley_garden_8
Lair:3:   basic_altar, nicolae_lair_grove_arrangements, uniq_fannar
Lair:4:   minmay_swamp_entry_swarm, roderic_carrion_pond, grunt_megastairs_2,
          lemuel_fruit_fields
Lair:5:   kennysheep_rathole, st_stairs_10
Lair:6:   guppyfry_snake_entry_garden, basic_altar
Lair:7:   slime_altar_1, grunt_megastairs_4
Lair:8:   guppyfry_lair_end_dragon, hangedman_lair_tendril_chambers,
          st_stairs_4, patterned_corridor
Swamp:1:  basic_altar, uniq_roxanne
Swamp:2:  serial_swamp_ruin, evilmike_swamp_ruin_rubble_1,
          evilmike_swamp_ruin_rubble_2, infiniplex_staircase_pool_2
Swamp:3:  infiniplex_staircase_pool
Swamp:4:  swamp
Snake:1:  grunt_megastairs_1
Snake:2:  serial_shops, shop, basic_altar
Snake:3:  grunt_ministairs_5, guppyfry_library_mini, uniq_aizul, uniq_jorgrun
Snake:4:  grunt_snake_rune_serpentine_throne
Orc:1:    serial_shops, shop
Orc:2:    mines2_lemuel, uniq_snorg
Orc:3:    nicolae_orc_pool_cavern
Orc:4:    kennysheep_orc_mage_school, nicolae_orc_lava_tube, uniq_saint_roka
Elf:1:    minmay_elf_arrival_plus, evilmike_minifort
Elf:2:    serial_shops, nicolae_shop_behind_doors
Elf:3:    nooodl_elf_gasket
Vaults:1: ontoclasm_vaults_bender, v_alt_pattern_4, hangedman_vaults_impose,
          ontoclasm_vaults_claustrophobia, v_misc_16, v_misc_8,
          vaults_room_semicircle, hangedman_vaults_maws, v_rooms_3,
          vaults_mumra_chevron, ontoclasm_vaults_pinch, grunt_vaults_diagonal,
          vaults_room_semicircle, v_misc_23, hangedman_vaults_nails,
          nicolae_vaults_mini_display_case, serial_shops, shop, uniq_asterion
Vaults:2: minmay_crypt_entry_necro_gods, v_misc_27,
          ontoclasm_vaults_decontamination, ontoclasm_vaults_twist,
          nicolae_vaults_little_squares_3, grunt_vaults_focal
Vaults:3: vaults_dpeg_cross, ontoclasm_vaults_hangar,
          vaults_room_grunt_arrival_checkpoint, v_misc_26,
          nicolae_vaults_little_squares_5, vaults_room_door_hall,
          vaults_room_grid, nicolae_vaults_an_arrangement, grunt_vaults_bifocal,
          nicolae_vaults_circle_grid_a, vaults_room_octagon,
          hangedman_vaults_pinch, serial_shops, shop,
          nicolae_shop_temple_entry_statues_fountains, nicolae_shop_stone, shop,
          uniq_frederick
Vaults:4: nicolae_vaults_rhombus_5, vaults_room_glass_cross,
          hangedman_vaults_river_flow, hangedman_vaults_restitches,
          nicolae_vaults_stairing_the_circle, ontoclasm_vaults_ring_small,
          serial_shops, nicolae_shop_crystal, uniq_mennas
Vaults:5: uniq_jory
Crypt:2:  serial_glass, glass_columns_b, glass_columns_a,
          lightli_enter_wizlab_magi_temple, minmay_strange_pillars
Crypt:3:  quadcrypt_mu
Depths:1: serial_shops, shop, shop_fountains, shop, shop,
          hangedman_decor_growths, abyss_entry, hell_entry,
          minmay_misc_feat_rugged, serial_sigils_hangedman_gnaw,
          serial_bayou_pond_d, minmay_orc_keep, infiniplex_staircase_pool_lava
Depths:2: mu_elemental_laboratory, enter_ziggurat_b, nicolae_wwwww,
          grunt_hell_entry_dis_mu, roderic_whirl, corexii_leaking_fountain,
          serial_bayou_shore_b
Depths:3: hangedman_arch_fort, grunt_pan_entry_sceptre,
          hangedman_tar_grid_catacomb, hangedman_abyss_or_decor_lesser_grid,
          uniq_wiglaf
Depths:4: minmay_outward_triangles, hangedman_abyss_entry_splay,
          bh_walls_and_bars, pf_dread_powers_of_hell, serial_shops, shop,
          eino_tiny_chamber, basic_stair_grate_trap,
          infiniplex_staircase_9_rooms, kennysheep_random_hallway
Depths:5: grunt_zot_entry_bicorn, minivault_14, serial_column_ruins,
          column_ruins_portal_island, column_ruins_columns_corner,
          column_ruins_open_small, column_ruins_columns_dead_end,
          column_ruins_columns_dead_end, column_ruins_columns_T,
          abyss_entry_crystal, hell_entry, special_room
Abyss:3:  serial_sigils_hangedman_shear, lemuel_flamethrower_2
Abyss:4:  evilmike_abyss_exit_14, minivault_27, grunt_abyss_rune_twisted_forest
Pan:      grunt_pan_zigzag, evilmike_mini_pan_diamond, pan_blood_fountain_small,
          evilmike_mini_pan_V, pan_blood_fountain_small, rand_demon_5,
          evilmike_mini_pan_V, pan_blood_fountain_2, pan_blood_fountain,
          evilmike_mini_pan_doors, nicolae_pan_sigil_eeng,
          grunt_pan_frozen_over, evilmike_mini_pan_other_thingy,
          nicolae_pan_glass_arcs, nicolae_pan_sigil_eeng, grunt_pan_zigzag,
          evilmike_mini_pan_other_thingy, evilmike_mini_pan_corridor,
          nicolae_pan_mnolegish_3, evilmike_mini_pan_pillars,
          evilmike_mini_pan_branches, evilmike_mini_pan_branches,
          nicolae_pan_cerebovesque_2
Zig:6:    ziggurat_loot_1
Zig:8:    ziggurat_loot_1
Zig:15:   ziggurat_pillar_centre_oklobs
Zig:16:   ziggurat_pillar_centre_drop
IceCv:    ice_cave_tombish
WizLab:   wizlab_doroklohe

Action                   |  1- 3 |  4- 6 |  7- 9 | 10-12 | 13-15 | 16-18 | 19-21 | 22-24 | 25-27 || total
-------------------------+-------+-------+-------+-------+-------+-------+-------+-------+-------++-------
Melee: War axe           |    75 |   251 |   311 |   495 |   560 |  1680 |  1361 |    21 |       ||  4754
       Unarmed           |       |       |     6 |     5 |       |       |       |       |       ||    11
       Hand axe          |       |       |       |   265 |  1153 |       |       |  1481 |  1053 ||  3952
       Scimitar          |       |       |       |     6 |    50 |    20 |   133 |       |       ||   209
       Rapier            |       |       |       |       |     6 |       |       |       |       ||     6
       Executioner's axe |       |       |       |       |       |       |       |    19 |  1096 ||  1115
       Broad axe         |       |       |       |       |       |       |       |       |  1042 ||  1042
 Fire: Blowgun           |       |       |       |       |     4 |       |       |       |       ||     4
 Cast: Regeneration      |       |       |       |       |       |       |       |       |    48 ||    48
Invok: Bend Time         |       |       |       |     4 |     6 |     9 |     5 |     1 |     7 ||    32
       Slouch            |       |       |       |     1 |     3 |     4 |     2 |     6 |    30 ||    46
       Temporal Distorti |       |       |       |       |       |     1 |       |       |    11 ||    12
       Step From Time    |       |       |       |       |       |       |     1 |       |     2 ||     3
 Abil: Dig               |       |     1 |     3 |     4 |     9 |     2 |       |     7 |     6 ||    32
       Shaft Self        |       |     1 |     1 |       |       |       |       |       |       ||     2
       Evoke Flight      |       |       |       |       |       |       |       |       |     6 ||     6
       Breathe Fire      |       |       |       |       |       |       |       |       |     1 ||     1
Evoke: Wand              |       |       |       |       |       |     2 |       |       |       ||     2
  Use: Scroll            |       |       |       |     8 |    11 |    18 |     2 |    14 |    43 ||    96
       Potion            |       |       |       |     4 |       |     1 |     2 |     6 |    20 ||    33
 Stab: Confused          |       |       |       |       |       |     1 |     1 |       |     1 ||     3
       Distracted        |       |       |       |       |       |       |       |     1 |    22 ||    23
       Held in net/web   |       |       |       |       |       |       |       |       |     1 ||     1
       Paralysed         |       |       |       |       |       |       |       |       |     1 ||     1
  Eat: Bread ration      |       |     2 |     1 |       |     1 |       |       |       |     2 ||     6
       Fruit             |       |     1 |       |     1 |       |       |       |       |     1 ||     3
       Beef jerky        |       |       |     1 |       |     2 |     1 |     1 |       |     8 ||    13
       Royal jelly       |       |       |     1 |       |     1 |     1 |       |       |       ||     3
       Meat ration       |       |       |       |     2 |     2 |     3 |     4 |     4 |     9 ||    24
       Chunk             |       |       |       |       |    44 |    21 |    32 |     2 |    18 ||   117
       Pizza             |       |       |       |       |     2 |     2 |     1 |     2 |     4 ||    11
